 Dungeon Crawl Stone Soup version 0.31-a0-1074-g0b22e4e0f1 (webtiles) character file.

Game seed: 5139151730359358587

18405 IdlyInterested the Slicer (level 12, -12/92 HPs)
             Began as a Demonspawn Berserker on Nov 29, 2023.
             Was a High Priest of Trog.
             Mangled by a boulder beetle (19 damage)
             ... on level 13 of the Dungeon.
             The game lasted 00:42:20 (12316 turns).

IdlyInterested the Slicer (Demonspawn Berserker)   Turns: 12316, Time: 00:42:21

Health: -12/92     AC: 20    Str: 25    XL:     12   Next: 27%
Magic:  12/12      EV: 11    Int:  9    God:    Trog [*****.]
Gold:   379        SH:  0    Dex: 16    Spells: 11/11 levels left

rFire   . . .        Z - +3 rapier (flame)
rCold   . . .        (no shield)
rNeg    . . .        A - +5 chain mail of Understanding {Will+ Slay+2}
rPois   .            (helmet restricted)
rElec   .            P - +2 cloak
rCorr   .            (no gloves)
SInv    .            (no boots)
Will    +....        U - amulet of faith Stlth
                     W - +4 ring of protection
HPRegen 0.35/turn    a - +6 ring of strength
MPRegen 0.26/turn

%: faith
@: no status effects
A: hooves 1, horns 1, spiny 2, magic regeneration, demonic touch 2
a: Renounce Religion, Berserk, Trog's Hand, Brothers in Arms


You were on level 13 of the Dungeon.
You worshipped Trog.
Trog was extremely pleased with you.
You visited 2 branches of the dungeon, and saw 14 of its levels.
You also visited: Ossuary.

You collected 697 gold pieces.
You spent 318 gold pieces at shops.

Inventory:

Hand Weapons
 v - a +4 dagger
 Z - a +3 rapier of flaming (weapon)
Missiles
 g - 45 stones (quivered)
 j - 10 javelins
 C - a throwing net
 F - 5 boomerangs
 J - 10 poisoned darts
Armour
 e - +0 acid dragon scales
 y - a +2 ring mail of cold resistance
 A - the +5 chain mail of Understanding (worn) {Will+ Slay+2}
   (You found it on level 6 of the Dungeon)

   Slay+2:    It affects your accuracy & damage with ranged weapons and melee
   (+2).
   Will+:     It increases your willpower.
 I - a +0 scale mail of poison resistance
 P - a +2 cloak (worn)
 V - a +2 ring mail of fire resistance
Jewellery
 a - a +6 ring of strength (right hand)
 D - a ring of protection from fire
 E - a ring of flight
 U - an amulet of faith (around neck)
 W - a +4 ring of protection (left hand)
 Y - a ring of protection from fire
Talismans
 q - a blade talisman
Wands
 k - a wand of polymorph (7)
 K - a wand of iceblast (15)
 M - a wand of quicksilver (9)
 O - a wand of charming (13)
 S - a wand of mindburst (6)
 T - a wand of flame (10)
Scrolls
 c - a scroll of summoning
 d - a scroll of poison {unknown}
 i - a scroll of fear {unknown}
 o - 8 scrolls of teleportation
 p - 4 scrolls of fog
 r - a scroll of blinking
 s - 2 scrolls of enchant armour
 t - 2 scrolls of vulnerability
 x - a scroll of noise {unknown}
 G - a scroll of immolation
 L - 2 scrolls of revelation {unknown}
 N - a scroll of acquirement {unknown}
 Q - 2 scrolls of enchant weapon
Potions
 b - 3 potions of cancellation
 f - 3 potions of lignification
 l - a potion of invisibility
 m - 3 potions of resistance
 u - 12 potions of curing
 w - 2 potions of haste
 z - a potion of enlightenment
 B - a potion of mutation {unknown}
 H - 2 potions of attraction
 R - a potion of degeneration {unknown}
 X - 2 potions of heal wounds


   Skills:
 - Level 8.0 Fighting
 - Level 14.0 Short Blades
 - Level 2.0 Throwing
 - Level 2.0 Armour
 + Level 5.4 Dodging
 - Level 2.0 Stealth
 - Level 2.0 Shields
 + Level 4.0 Unarmed Combat
 - Level 2.0 Evocations
 * Level 6.5 Shapeshifting


You had 11 spell levels left.
You didn't know any spells.
Your spell library was empty.

Dungeon Overview and Level Annotations

Branches:
Dungeon (13/15)            Temple (1/1) D:5            Lair (0/5) D:9
    Orc (0/2) D:10        Ossuary (visited)
 Vaults: D:13-14

Altars:
Ashenzari
Cheibriados
Dithmenos
Fedhas
Gozag
Hepliaklqana
Kikubaaqudgha
Makhleb
Nemelex Xobeh
Okawaru
Qazlal
Ru
Sif Muna
Trog
Uskayaw
Vehumet
Wu Jian
Xom
Yredelemnul

Shops:
D:2 *   D:5 !


Innate Abilities, Weirdness & Mutations

You have large cloven feet.
You have a pair of small horns on your head.
You are mostly covered in sharp spines.
You regenerate magic rapidly.
Your touch may inflict irresistible damage on your foes.


Message History

You barely miss the slime creature. You kick the slime creature.
You headbutt the slime creature.
You touch the slime creature!
The slime creature is severely wounded.
The slime creature is struck by your spines.
The slime creature hits you but does no damage.
The human closely misses you.
You hit the slime creature. You burn the slime creature.
You kick the slime creature.
You kill the slime creature!
Trog accepts your kill.
Your Unarmed Combat skill increases to level 4!
You puncture the human! You burn the human. Your kick misses the human.
Your headbutt misses the human.
The human is moderately wounded.
The human barely misses you.
You barely miss the human. You kick the human. Your touch misses the human.
The human is heavily wounded.
You hit the human. You burn the human. You headbutt the human.
Your touch misses the human.
The human is severely wounded.
The human is struck by your spines.
You kill the human!
Trog accepts your kill.
X - 2 potions of heal wounds (gained 1)
Items here: )) [[ †.
Okay, then.
You start resting.
You recover from your berserk rage.
You start resting.
A boulder beetle is nearby!
You see here a human corpse.
The boulder beetle curls into a ball and begins rolling!
The boulder beetle hits you!!
* * * LOW HITPOINT WARNING * * *
The boulder beetle stops rolling and uncurls.
You hit the boulder beetle but do no damage.
You touch the boulder beetle!
The boulder beetle is lightly wounded.
The boulder beetle bites you!!
You die...

....##. #....####
##....# #..##.#
..##...)##
#....##$†##
...###.))..# #
###...(..##
##....<.@..#
.......)(B..##
#..............#
...............#
#..
...............#
..#
^..............# ..
...............##.#
...............#..#
.....H.........#..#


You could see a boulder beetle.

Vanquished Creatures
  3 boulder beetles (D:12)
  3 two-headed ogres
  An orc knight (D:13)
  A deep elf pyromancer (D:13)
  Pikel (D:4)
  An ugly thing (D:12)
  A cyclops (D:11)
  2 manticores
  A gargoyle (D:10)
  A komodo dragon (D:12)
  An efreet (D:13)
  4 hornets
  7 trolls
  Sigmund (D:3)
  5 slime creatures (D:13)
  2 shadows
  4 yaks (D:10)
  A wyvern (D:7)
  3 wraiths
  5 humans
  A steam dragon (D:10)
  2 acid dragons
  A warg (D:10)
  A water moccasin (D:8)
  7 orc warriors
  5 ice beasts
  2 sky beasts
  2 black bears
  2 wolves (D:9)
  2 ogres (D:4)
  6 centaurs
  A phantom (D:4)
  A kobold brigand (D:6)
  2 elf zombies (Ossuary)
  5 bullfrogs
  4 scorpions
  5 wights (D:7)
  10 killer bees
  7 howler monkeys
  An electric eel (D:9)
  3 human zombies (Ossuary)
  A jelly (D:7)
  10 hounds
  A gnoll bouda (D:8)
  7 orc priests
  2 iguanas (D:6)
  12 orc wizards
  3 mummies
  6 adders
  5 gnolls (D:8)
  3 shadow imps
  3 adder zombies (Ossuary)
  2 worms (D:2)
  2 dart slugs
  40 orcs
  2 bats
  3 endoplasms
  3 giant cockroaches
  7 goblins
  5 hobgoblins
  5 jackals (D:1)
  6 kobolds
  3 quokkas
  7 ball pythons
  6 frilled lizards
  2 goblin zombies (Ossuary)
  7 hobgoblin zombies (Ossuary)
  A jackal zombie (Ossuary)
  7 kobold zombies (Ossuary)
  11 orc zombies (Ossuary)
  9 rats
299 creatures vanquished.

Vanquished Creatures (others)
  A cyclops (D:11)
  An orc (D:11)
2 creatures vanquished.

Grand Total: 301 creatures vanquished

Notes
Turn   | Place    | Note
-------+----------+-------------------------------------------
     0 | D:1      | IdlyInterested the Demonspawn Berserker began the quest for
                  | the Orb.
     0 | D:1      | Reached XP level 1. HP: 18/18 MP: 1/1
   133 | D:1      | Gained mutation: You are partially covered in sharp spines.
                  | [demonic ancestry]
   133 | D:1      | Reached XP level 2. HP: 9/24 MP: 2/2
   581 | D:1      | Gained mutation: You are mostly covered in sharp spines.
                  | [demonic ancestry]
   581 | D:1      | Reached XP level 3. HP: 23/30 MP: 3/3
   581 | D:1      | Reached ** piety under Trog
  1157 | D:2      | Reached skill level 1 in Throwing
  1245 | D:2      | Discovered your monstrous ancestry.
  1245 | D:2      | Gained mutation: You have large cloven feet. [demonic
                  | ancestry]
  1245 | D:2      | Reached XP level 4. HP: 37/37 MP: 4/4
  1371 | D:2      | Found Zautijo's General Store.
  2078 | D:3      | Identified the staff of the Forging Gods {rC- rN+ Int+3
                  | Dex+5 Necro}
  2154 | D:3      | Noticed Sigmund
  2162 | D:3      | Killed Sigmund
  2163 | D:3      | Reached skill level 1 in Stealth
  2163 | D:3      | Gained mutation: Your touch may inflict minor irresistible
                  | damage on your foes. [demonic ancestry]
  2163 | D:3      | Reached XP level 5. HP: 46/46 MP: 5/5
  2255 | D:3      | Found a blossoming altar of Fedhas.
  2437 | D:2      | Bought a scroll of enchant armour for 90 gold pieces
  2579 | D:4      | Noticed an ogre
  2586 | D:4      | Killed an ogre
  2587 | D:4      | Reached skill level 1 in Shapeshifting
  2587 | D:4      | Gained mutation: You have a pair of small horns on your
                  | head. [demonic ancestry]
  2587 | D:4      | Reached XP level 6. HP: 25/52 MP: 6/6
  2606 | D:4      | Found an opulent altar of Gozag.
  2612 | D:4      | Reached skill level 1 in Short Blades
  2612 | D:4      | Reached skill level 1 in Evocations
  2617 | D:4      | Noticed Pikel
  2627 | D:4      | Killed Pikel
  2628 | D:4      | Reached skill level 2 in Short Blades
  2628 | D:4      | Gained mutation: Your touch may inflict irresistible damage
                  | on your foes. [demonic ancestry]
  2628 | D:4      | Reached XP level 7. HP: 6/58 MP: 7/7
  2638 | D:4      | Found a sacrificial altar of Ru.
  2828 | D:4      | Found a sand-covered staircase.
  2839 | Ossuary  | Entered an ossuary
  2897 | Ossuary  | Reached *** piety under Trog
  2996 | Ossuary  | Reached skill level 3 in Short Blades
  2996 | Ossuary  | Reached XP level 8. HP: 63/64 MP: 8/8
  3377 | D:4      | Reached skill level 5 in Shapeshifting
  3549 | D:5      | Entered Level 5 of the Dungeon
  3581 | D:5      | Found a staircase to the Ecumenical Temple.
  3603 | Temple   | Entered the Ecumenical Temple
  3678 | D:5      | Found Molonn's Distillery.
  3717 | D:5      | Reached skill level 4 in Short Blades
  3775 | D:5      | Found a hazy altar of Hepliaklqana.
  3979 | D:5      | Reached **** piety under Trog
  4072 | D:5      | Bought a potion of invisibility for 96 gold pieces
  4072 | D:5      | Bought a potion of berserk rage for 60 gold pieces
  4173 | D:6      | Identified the +10 war axe "Kashig" {drain, *Rage Str+3
                  | Int+3}
  4263 | D:6      | Reached skill level 1 in Shields
  4263 | D:6      | Reached XP level 9. HP: 69/69 MP: 9/9
  4267 | D:6      | Identified the +5 chain mail of Understanding {Will+
                  | Slay+2}
  4757 | D:6      | Found a shadowy altar of Dithmenos.
  4897 | D:6      | Found a basalt altar of Yredelemnul.
  5037 | D:6      | Found a burning altar of Makhleb.
  5047 | D:6      | Found a shimmering blue altar of Sif Muna.
  5273 | D:5      | Bought a potion of curing for 36 gold pieces
  5486 | D:7      | Reached skill level 5 in Short Blades
  5877 | D:7      | Reached skill level 6 in Short Blades
  6664 | D:5      | Bought a potion of lignification for 36 gold pieces
  6816 | D:8      | Reached skill level 7 in Short Blades
  6967 | D:8      | Gained mutation: You regenerate magic rapidly. [demonic
                  | ancestry]
  6967 | D:8      | Reached XP level 10. HP: 64/79 MP: 10/10
  7176 | D:8      | Reached ***** piety under Trog
  7547 | D:9      | Reached skill level 8 in Short Blades
  7697 | D:9      | Noticed a two-headed ogre
  7704 | D:9      | Killed a two-headed ogre
  7729 | D:9      | Reached skill level 9 in Short Blades
  7837 | D:9      | Noticed a two-headed ogre
  7852 | D:9      | Killed a two-headed ogre
  7853 | D:9      | Reached skill level 10 in Short Blades
  8070 | D:9      | Found a staircase to the Lair.
  8506 | D:10     | Entered Level 10 of the Dungeon
  8528 | D:10     | Found a staircase to the Orcish Mines.
  8706 | D:10     | Noticed a gargoyle
  8711 | D:10     | Killed a gargoyle
  8712 | D:10     | Reached XP level 11. HP: 67/84 MP: 11/11
  8833 | D:10     | Received a gift from Trog
  8834 | D:10     | Reached skill level 11 in Short Blades
  9840 | D:11     | HP: 1/84 [something (16)]
 10134 | D:11     | Reached skill level 12 in Short Blades
 10683 | D:12     | Noticed a white ugly thing
 10693 | D:12     | Killed a white ugly thing
 10834 | D:12     | Noticed a boulder beetle
 10864 | D:12     | Killed a boulder beetle
 11144 | D:12     | Noticed a two-headed ogre
 11154 | D:12     | Killed a two-headed ogre
 11154 | D:12     | Received a gift from Trog
 11155 | D:12     | Reached skill level 13 in Short Blades
 11241 | D:12     | Found an iron altar of Okawaru.
 11262 | D:12     | Noticed a boulder beetle
 11272 | D:12     | Killed a boulder beetle
 11566 | D:12     | Noticed a boulder beetle
 11585 | D:12     | Killed a boulder beetle
 12075 | D:13     | Reached skill level 14 in Short Blades
 12087 | D:13     | Reached XP level 12. HP: 29/91 MP: 12/12
 12091 | D:13     | Noticed a boulder beetle
 12197 | D:13     | Reached skill level 5 in Dodging
 12316 | D:13     | Mangled by a boulder beetle

Illustrated notes

Levels and vault maps discovered:
D:1:      dpeg_arrival_tiny_k, layout_loops_cross, minmay_misc_feat_tiny,
          nicolae_houndstooth_variations
D:2:      layout_loops_ring, serial_shops, nicolae_shop_tiny_waterfront
D:3:      layout_loops_ring, fedhas_altar_4, minmay_misc_feat_enclosed,
          uniq_sigmund
D:4:      layout_rooms, grunt_temple_overflow_open, gup_ossuary_entry_pyramid,
          chequers_mini_garden, grunt_ministairs_1, uniq_pikel
D:5:      layout_rooms, lemuel_tele_altar, minmay_temple_entry_junction_2,
          serial_bayou, serial_bayou_pond_a, serial_bayou_ford_a,
          serial_bayou_crossing, serial_bayou_pond_d, minmay_shop_grid_forest
D:6:      layout_loops_ring, mainiacjoe_overflow_alcove_4,
          amethyst_overflow_temple_binary, nicolae_dithmenos_the_darkroom,
          lexackson_kobold_supper
D:7:      layout_cave_pods
D:8:      layout_basic
D:9:      layout_basic, erik_lair_island
D:10:     layout_gridville, david_orc_3
D:11:     layout_loops_ring, lemuel_flamethrower_2
D:12:     layout_basic, okawaru_humans
D:13:     layout_cave_pods, grunt_vaults_entry_tiered, nicolae_zig_zag_zippers
Temple:   nicolae_temple_superstar

Skill      XL: |  1  2  3  4  5  6  7  8  9 10 11 12 |
---------------+-------------------------------------+-----
Unarmed Combat | 3 4 |  4.0
Dodging        | 2 3 4 5 |  5.4
Armour         | 2 |  2.0
Fighting       | 4 6 7 8 |  8.0
Throwing       | 1 2 |  2.0
Stealth        | 1 2 |  2.0
Shapeshifting  | 1 3 4 6 |  6.5
Short Blades   | 2 3 4 7 10 14 | 14.0
Evocations     | 1 2 |  2.0
Shields        | 1 2 |  2.0

Action                     |  1- 3 |  4- 6 |  7- 9 | 10-12 || total
---------------------------+-------+-------+-------+-------++-------
  Melee: Unarmed           |   107 |    27 |   219 |       ||   353
         Punch             |     5 |     1 |     7 |    12 ||    25
         Kick              |       |     7 |   100 |   158 ||   265
         Touch             |       |     7 |    64 |    80 ||   151
         Headbutt          |       |     2 |    67 |   108 ||   177
         Dagger            |       |       |    48 |   296 ||   344
         Rapier            |       |       |       |   110 ||   110
  Throw: Stone             |       |     3 |    10 |    36 ||    49
         Boomerang         |       |       |     1 |       ||     1
         Dart              |       |       |       |    11 ||    11
 Invoke: Berserk           |       |     1 |       |     2 ||     3
         Trog's Hand       |       |       |       |     2 ||     2
  Evoke: Wand              |       |       |       |     2 ||     2
    Use: Scroll            |       |     5 |     1 |     2 ||     8
         Potion            |       |       |     7 |     7 ||    14
   Stab: Sleeping          |       |     1 |       |       ||     1
         Paralysed         |       |       |       |     1 ||     1
 Armour: Animal skin       |    26 |       |       |       ||    26
         Leather armour    |    18 |    13 |     2 |       ||    33
         Chain mail        |       |       |    61 |    94 ||   155
         Ring mail         |       |       |     7 |       ||     7
         Scale mail        |       |       |    66 |    71 ||   137
         Steam dragon scal |       |       |       |    45 ||    45
  Dodge: Dodged            |    53 |    12 |   103 |   151 ||   319

Table legend: (Time is in decaauts)
 A = Elapsed time spent in this place.
 B = Non-inter-level travel time spent in this place.
 C = Inter-level travel time spent in this place.
 D = Time resting spent in this place.
 E = Time spent auto-exploring this place.
 F = Levels seen in this place.
 G = Mean time per level.
                   A        B        C        D        E       F      G
               +--------+--------+--------+--------+--------+-----+--------+
         Total |  12258 |  10779 |   1479 |   2139 |   5950 |  15 |  817.2 |
       Dungeon |  11962 |  10483 |   1479 |   2139 |   5917 |  13 |  920.2 |
        Temple |      1 |      1 |      0 |      0 |      0 |   1 |    1.0 |
       Ossuary |    293 |    293 |      0 |      0 |     33 |   1 |  293.0 |
               +--------+--------+--------+--------+--------+-----+--------+

Top non-repeatable levels by time:
    D:12: 1441 daAuts
     D:6: 1294 daAuts
     D:7: 1247 daAuts
     D:9: 1113 daAuts
    D:11: 1053 daAuts
    D:10: 969 daAuts
     D:2: 958 daAuts
     D:1: 912 daAuts
     D:4: 749 daAuts
     D:5: 726 daAuts
     D:3: 676 daAuts
     D:8: 638 daAuts
 Ossuary: 293 daAuts
    D:13: 181 daAuts
  Temple: 1 daAuts
